Map: [ESL] Oceanborn

Players

Nanami

  • Race: Protoss Protoss
  • Spawn Location: 11:00

Nice - Winner!

  • Race: Protoss Protoss
  • Spawn Location: 5:00

Event: ESL SC2 Masters 2023 Winter (Regional)

VOD

Have the link to the VOD?

Description

Time

  • Played on: Nov. 11, 2023, 6:36 a.m.
  • Length: 11:57

All games in this series

Show
View Real Time Build Order
Export as new Build Order

Nanami Protoss 

Build Orders:  

Get SALT Encoding   

  12  0:00  Probe  
  13  0:12  Probe  
  14  0:17  Pylon  
  14  0:24  Probe (Chrono Boost)  
  16  0:36  Gateway  
  16  0:37  Probe (Chrono Boost)  
  16  0:42  Probe (Chrono Boost)  
  16  0:45  Assimilator  
  17  0:51  Probe  
  17  0:56  Assimilator  
  18  1:03  Probe (Chrono Boost)  
  19  1:08  Gateway  
  19  1:13  Probe (Chrono Boost)  
  20  1:18  Probe (Chrono Boost)  
  20  1:24  Cybernetics Core  
  21  1:30  Probe  
  22  1:34  Pylon  
  22  1:42  Probe  
  23  1:54  Probe  
  23  2:00  Warp Gate, Adept x2  
  29  2:11  Robotics Facility  
  29  2:13  Pylon  
  28  2:30  Stalker  
  28  2:31  Stalker  
  32  2:47  Gateway  
  32  2:56  Immortal (Chrono Boost)  
  30  3:05  Sentry  
  36  3:14  Pylon  
  36  3:24  Warp Prism (Chrono Boost)  
  36  3:48  Stalker  
  36  3:49  Stalker x2  
  46  4:04  Gateway  
  42  4:13  Stalker x2  
  46  4:35  Pylon  
  46  4:51  Nexus  
  46  5:14  Adept x3  
  40  5:22  Immortal (Chrono Boost)  
  40  5:23  Probe  
  39  5:30  Twilight Council  
  39  5:35  Probe  
  40  5:47  Probe  
  41  6:00  Adept x3, Probe  
  40  6:05  Probe (Chrono Boost)  
  40  6:06  Stalker x3  
  40  6:07  Blink (Chrono Boost)  
  43  6:11  Shield Battery  
  44  6:20  Probe x2 (Chrono Boost)  
  45  6:26  Probe (Chrono Boost)  
  45  6:28  Probe (Chrono Boost)  
  45  6:29  Shield Battery  
  45  6:32  Sentry  
  49  6:35  Stalker  
  49  6:38  Probe  
  49  6:39  Probe  
  53  6:44  Stalker  
  55  6:58  Zealot  
  55  6:59  Probe  
  55  7:04  Probe  
  55  7:08  Shield Battery  
  56  7:10  Stalker x2  
  60  7:19  Probe  
  61  7:31  Nexus  
  61  7:32  Pylon  
  61  7:35  Adept  
  63  7:38  Probe  
  63  7:39  Probe  
  63  7:40  Sentry  
  63  7:43  Observer  
  68  7:45  Sentry  
  71  7:55  Charge (Chrono Boost)  
  71  7:57  Gateway x2  
  70  8:09  Gateway  
  70  8:11  Gateway  
  70  8:17  Gateway  
  68  8:20  Gateway  
  68  8:23  Zealot  
  70  8:33  Zealot x2  
  74  8:41  Pylon  
  74  8:45  Zealot  
  74  8:47  Probe x2  
  78  8:53  Zealot x3  
  84  8:58  Zealot  
  86  9:08  Observer, Stalker x3  
  88  9:19  Zealot x3  
  94  9:35  Pylon  
  94  9:36  Zealot x3  
  94  9:37  Zealot  
  99  9:50  Zealot x4  
  65  10:07  Zealot x5  
  65  10:11  Probe x3  
  50  10:32  Templar Archives  
  50  10:35  Stalker  
  50  10:36  Sentry  
  50  10:37  Zealot x3  
  50  10:39  Probe x2 (Chrono Boost)  
  50  10:40  Probe (Chrono Boost)  
  61  10:43  Zealot x2  
  66  10:50  Probe (Chrono Boost)  
  64  11:05  Zealot x4  
  64  11:06  Zealot x2  
  76  11:14  High Templar x2  
  76  11:18  Archon  
  80  11:19  Zealot  
  80  11:23  Shield Battery  
  82  11:26  High Templar x2, Zealot  
  82  11:27  Zealot x3  
  82  11:29  Probe x3 (Chrono Boost)  
  82  11:31  Archon  
  97  11:35  Assimilator  
  97  11:39  Assimilator  
  99  11:40  Probe x2 (Chrono Boost)  
  99  11:41  Probe (Chrono Boost)  
  99  11:42  Zealot  
  99  11:45  Probe (Chrono Boost)  
  102  11:50  Zealot  
  102  11:51  Zealot x2  
Show
View Real Time Build Order
Export as new Build Order

Nice Protoss - Winner!

Build Orders:  

Get SALT Encoding   

  12  0:00  Probe  
  13  0:12  Probe  
  14  0:17  Pylon  
  14  0:24  Probe (Chrono Boost)  
  15  0:36  Gateway  
  15  0:37  Probe (Chrono Boost)  
  15  0:42  Probe  
  16  0:45  Assimilator  
  17  0:54  Probe (Chrono Boost)  
  17  0:55  Assimilator  
  18  1:06  Probe (Chrono Boost)  
  18  1:07  Gateway  
  19  1:13  Probe (Chrono Boost)  
  20  1:20  Probe  
  20  1:24  Cybernetics Core  
  21  1:32  Probe  
  22  1:36  Pylon  
  22  1:44  Probe  
  23  1:56  Probe  
  23  1:58  Warp Gate (Chrono Boost)  
  23  2:00  Adept x2  
  28  2:14  Pylon  
  28  2:16  Pylon  
  28  2:20  Probe  
  29  2:30  Adept  
  29  2:32  Adept  
  33  2:44  Probe  
  32  3:04  Adept x2  
  36  3:18  Nexus  
  36  3:24  Robotics Facility  
  36  3:29  Shield Battery  
  36  3:36  Pylon  
  36  3:43  Shield Battery  
  36  3:46  Sentry  
  38  3:49  Probe  
  39  3:55  Sentry  
  41  4:03  Pylon  
  41  4:11  Stalker  
  43  4:18  Immortal (Chrono Boost)  
  47  4:25  Sentry  
  49  4:36  Stalker  
  51  4:45  Shield Battery  
  51  4:53  Immortal (Chrono Boost)  
  51  4:58  Sentry  
  57  5:00  Sentry  
  57  5:06  Pylon  
  53  5:22  Warp Prism (Chrono Boost)  
  51  5:32  Stalker x2  
  51  5:35  Probe  
  56  5:37  Probe  
  57  5:44  Pylon  
  57  5:56  Stalker x2  
  60  5:59  Probe  
  59  6:05  Probe  
  59  6:07  Observer  
  59  6:11  Probe  
  62  6:13  Phoenix  
  62  6:18  Probe  
  63  6:20  Stargate  
  63  6:24  Probe (Chrono Boost)  
  64  6:30  Probe (Chrono Boost)  
  67  6:41  Probe x2 (Chrono Boost)  
  67  6:45  Probe (Chrono Boost)  
  67  6:46  Assimilator  
  68  6:47  Assimilator, Probe  
  69  6:56  Probe  
  70  7:03  Probe  
  70  7:08  Probe  
  70  7:10  Immortal (Chrono Boost)  
  70  7:19  Probe  
  70  7:20  Pylon  
  70  7:24  Pylon  
  70  7:26  Twilight Council  
  70  7:31  Nexus  
  69  7:37  Phoenix (Chrono Boost)  
  69  7:39  Pylon  
  69  7:42  Probe x2  
  69  7:43  Observer (Chrono Boost)  
  74  7:44  Shield Battery  
  74  7:54  Probe x2  
  74  7:57  Oracle (Chrono Boost)  
  79  8:03  Charge (Chrono Boost)  
  79  8:06  Templar Archives, Probe (Chrono Boost)  
  79  8:07  Probe (Chrono Boost)  
  81  8:18  Probe (Chrono Boost)  
  83  8:24  Probe (Chrono Boost)  
  83  8:25  Observer  
  83  8:26  Gateway  
  85  8:27  Probe (Chrono Boost)  
  85  8:28  Gateway  
  85  8:31  Probe (Chrono Boost)  
  85  8:33  Probe  
  86  8:38  Observer  
  87  8:45  Gateway  
  87  8:46  Immortal  
  91  8:50  Stalker  
  91  8:52  Stalker  
  95  9:04  Gateway  
  95  9:09  Gateway  
  92  9:10  Gateway  
  92  9:16  Immortal  
  89  9:25  Zealot  
  89  9:26  High Templar x2, Zealot  
  101  9:32  Dark Shrine, Archon  
  101  9:33  Pylon  
  101  9:35  Pylon  
  101  9:39  Forge  
  101  9:40  Pylon  
  101  9:43  Zealot  
  103  9:52  Zealot x2  
  101  9:59  Zealot x3  
  95  10:05  Zealot x3  
  84  10:14  Zealot x2  
  84  10:19  Shield Battery  
  78  10:21  Immortal (Chrono Boost)  
  78  10:27  Zealot x6  
  94  10:35  High Templar x2  
  98  10:38  Pylon  
  98  10:39  Archon  
  98  10:47  High Templar  
  98  10:48  High Templar, Warp Prism (Chrono Boost), Zealot  
  104  10:52  Archon  
  104  10:55  Zealot x2  
  110  11:07  Observer  
  110  11:11  Phoenix (Chrono Boost)  
  110  11:16  Dark Templar x2  
  114  11:23  Zealot x6  
  126  11:46  Zealot x6  
  138  11:51  High Templar  
  138  11:53  Pylon  
Tags
 
Add a new tag
Caveats
  • Supply blocks, unpowered buildings, or Contaminate may cause inaccurate times.
  • Supply counts are checked every 10 seconds.